 Dungeon Crawl Stone Soup version 0.29-a0-67-g1d65ae1bb4 (webtiles) character file.

Game seed: 13356836795339112262

76 Gargoyl the Skirmisher (level 4, -3/41 HPs)
             Began as a Gnoll Abyssal Knight on Feb 3, 2022.
             Was a Believer of Lugonu.
             Slain by Sigmund (7 damage)
             ... on level 2 of the Dungeon.
             The game lasted 00:03:02 (1625 turns).

Gargoyl the Skirmisher (Gnoll Abyssal Knight)       Turns: 1625, Time: 00:03:02

Health: -3/41      AC:  7    Str: 20    XL:     4   Next: 32%
Magic:  7/7        EV: 11    Int: 10    God:    Lugonu [**....]
Gold:   804        SH:  0    Dex: 12    Spells: 5/5 levels left

rFire   . . .      SeeInvis .   e - +2 dagger (drain)
rCold   . . .      Faith    .   (no shield)
rNeg    . . .      Spirit   .   d - +0 ring mail
rPois   .          Reflect  .   g - +0 helmet
rElec   .          Harm     .   (no cloak)
rCorr   .          Rampage  .   (no gloves)
Will    .....                   (no boots)
Stlth   +.........              (no amulet)
HPRegen 0.13/turn               i - +6 ring of strength
MPRegen 0.10/turn               (no ring)

@: no status effects
A: fangs 1, strong nose, distributed training
a: Renounce Religion, Depart the Abyss, Bend Space


You were on level 2 of the Dungeon.
You worshipped Lugonu.
Lugonu was pleased with you.
You visited 1 branch of the dungeon, and saw 2 of its levels.
You visited the Abyss 1 time.

You collected 804 gold pieces.

Inventory:

Hand Weapons
 a - a +1 hand axe
 e - a +2 dagger of draining (weapon)
Armour
 d - a +0 ring mail (worn)
 g - a +0 helmet (worn)
Jewellery
 i - a +6 ring of strength (left hand)
Scrolls
 f - a scroll of fear {unknown}
 j - a scroll of identify {unknown}
Potions
 b - a potion of berserk rage {unknown}
 c - 2 potions of curing {unknown}
 h - a potion of resistance {unknown}


   Skills:
 + Level 6.6 Fighting
 + Level 1.1 Short Blades
 + Level 1.1 Long Blades
 + Level 4.6 Axes
 + Level 1.1 Maces & Flails
 + Level 1.1 Polearms
 + Level 1.1 Staves
 + Level 1.1 Slings
 + Level 1.1 Bows
 + Level 1.1 Crossbows
 + Level 1.1 Throwing
 + Level 4.6 Armour
 + Level 2.7 Dodging
 + Level 1.1 Stealth
 + Level 1.1 Shields
 + Level 1.1 Unarmed Combat
 + Level 1.1 Spellcasting
 + Level 0.8 Conjurations
 + Level 0.8 Hexes
 + Level 0.8 Summonings
 + Level 0.8 Necromancy
 + Level 0.8 Translocations
 + Level 0.8 Transmutations
 + Level 0.8 Fire Magic
 + Level 0.8 Ice Magic
 + Level 0.8 Air Magic
 + Level 0.8 Earth Magic
 + Level 0.8 Poison Magic
 + Level 4.7 Invocations
 + Level 1.1 Evocations


You had 5 spell levels left.
You didn't know any spells.
Your spell library was empty.

Dungeon Overview and Level Annotations

Branches:
Dungeon (2/15)

Altars:

Annotations:
D:2 Sigmund


Innate Abilities, Weirdness & Mutations

You have very sharp teeth.
Your uncanny sense of smell can sniff out nearby items.
Your experience applies equally to all skills.


Message History

Sigmund is heavily wounded.
Sigmund hits you with a +0 scythe!
You barely miss Sigmund.
Sigmund is heavily wounded.
You hit Sigmund. You drain Sigmund. Your bite misses Sigmund.
Sigmund is severely wounded.
Sigmund closely misses you.
You hit Sigmund.
Sigmund is severely wounded.
You closely miss Sigmund.
Sigmund is severely wounded.
Sigmund hits you with a +0 scythe.
Unknown command.
You hit Sigmund.
Sigmund is severely wounded.
Sigmund hits you with a +0 scythe!
Unknown command.
You hit Sigmund but do no damage.
Sigmund is severely wounded.
Unknown command.
You closely miss Sigmund.
Sigmund is severely wounded.
Sigmund gestures at you while chanting. The magic dart hits you.
You hit Sigmund but do no damage. You drain Sigmund.
Sigmund is almost dead.
Sigmund hits you with a +0 scythe!
* * * LOW HITPOINT WARNING * * *
Unknown command.
You barely miss Sigmund.
Sigmund is almost dead.
Sigmund barely misses you.
Unknown command.
Okay, then.
You barely miss Sigmund. Your bite misses Sigmund.
Sigmund is almost dead.
You hit Sigmund. You drain Sigmund. You bite Sigmund.
Sigmund is almost dead.
Sigmund hits you with a +0 scythe!
You die...

................... .##
.........###)...... ....
.##..##.## #.......
##..###.. #..# #.......
........###.## ##......
#...........# ##....[.
..........### #.......
......?..## #.......
...>..@@.# #.......
#.....!..# #.......
#........# #.......
#........# ##......
#........# #......
#....[...# ###..#<#..
########..#####...##...#
........<.....#
#####........#


You could see Sigmund (drained).

Vanquished Creatures
  Robin (D:2)
  A worm (D:2)
  5 dart slugs
  2 ball pythons (D:1)
  2 bats
  5 endoplasms
  A giant cockroach (D:1)
  11 goblins
  3 hobgoblins (D:2)
  7 jackals (D:1)
  A quokka (D:1)
  3 frilled lizards (D:1)
  3 kobolds
  2 rats
47 creatures vanquished.

Vanquished Creatures (others)
  A jackal (D:2)
1 creature vanquished.

Grand Total: 48 creatures vanquished

Notes
Turn   | Place    | Note
-------+----------+-------------------------------------------
     0 | Abyss:1  | Gargoyl the Gnoll Abyssal Knight began the quest for the
                  | Orb.
     0 | Abyss:1  | Reached XP level 1. HP: 23/23 MP: 3/3
    79 | Abyss:1  | Noticed a wretched star
    80 | D:1      | Escaped the Abyss
   235 | D:1      | Reached XP level 2. HP: 28/29 MP: 5/5
   320 | D:1      | Reached * piety under Lugonu
   475 | D:1      | Found a faded altar of an unknown god.
   582 | D:1      | Reached XP level 3. HP: 35/35 MP: 6/6
  1190 | D:2      | Noticed Sigmund
  1249 | D:2      | Identified a scroll of acquirement
  1249 | D:2      | Acquired 773 gold pieces
  1307 | D:2      | Noticed Robin
  1322 | D:2      | Reached skill level 1 in Short Blades
  1322 | D:2      | Reached skill level 1 in Long Blades
  1322 | D:2      | Reached skill level 1 in Maces & Flails
  1322 | D:2      | Reached skill level 1 in Polearms
  1322 | D:2      | Reached skill level 1 in Staves
  1322 | D:2      | Reached skill level 1 in Slings
  1322 | D:2      | Reached skill level 1 in Bows
  1322 | D:2      | Reached skill level 1 in Crossbows
  1322 | D:2      | Reached skill level 1 in Throwing
  1322 | D:2      | Reached skill level 1 in Stealth
  1322 | D:2      | Reached skill level 1 in Shields
  1322 | D:2      | Reached skill level 1 in Unarmed Combat
  1322 | D:2      | Reached skill level 1 in Spellcasting
  1322 | D:2      | Reached skill level 1 in Evocations
  1329 | D:2      | Killed Robin
  1330 | D:2      | Reached XP level 4. HP: 30/41 MP: 7/7
  1469 | D:2      | Reached ** piety under Lugonu
  1625 | D:2      | Slain by Sigmund

Illustrated notes

Levels and vault maps discovered:
D:1:      minmay_arrival_five_plusses, layout_basic,
          hellmonk_ecumenical_altar_zigzags, chequers_serial_rivers_marsh,
          grunt_decor_resistance, minivault_14, due_unseen_surprise
D:2:      layout_rooms, grunt_decor_one_mirror, minmay_cut_off, uniq_robin,
          uniq_sigmund, uniq_terence

Skill      XL: |  1  2  3 |
---------------+----------+-----
Short Blades   | 1 |  1.1
Long Blades    | 1 |  1.1
Maces & Flails | 1 |  1.1
Polearms       | 1 |  1.1
Staves         | 1 |  1.1
Slings         | 1 |  1.1
Bows           | 1 |  1.1
Crossbows      | 1 |  1.1
Throwing       | 1 |  1.1
Stealth        | 1 |  1.1
Shields        | 1 |  1.1
Unarmed Combat | 1 |  1.1
Spellcasting   | 1 |  1.1
Evocations     | 1 |  1.1
Fighting       | |  6.6
Axes           | |  4.6
Armour         | |  4.6
Dodging        | |  2.7
Conjurations   | |  0.8
Hexes          | |  0.8
Summonings     | |  0.8
Necromancy     | |  0.8
Translocations | |  0.8
Transmutations | |  0.8
Fire Magic     | |  0.8
Ice Magic      | |  0.8
Air Magic      | |  0.8
Earth Magic    | |  0.8
Poison Magic   | |  0.8
Invocations    | |  4.7

Action                   |  1- 3 |  4- 6 || total
-------------------------+-------+-------++-------
Melee: Hand axe          |   112 |     6 ||   118
       Bite              |     4 |     2 ||     6
       Dagger            |       |    19 ||    19
Invok: Depart the Abyss  |     1 |       ||     1
  Use: Scroll            |     1 |       ||     1
Armor: Leather armour    |    11 |       ||    11
       Ring mail         |    52 |     4 ||    56
Dodge: Dodged            |   101 |     6 ||   107

Table legend: (Time is in decaauts)
 A = Elapsed time spent in this place.
 B = Non-inter-level travel time spent in this place.
 C = Inter-level travel time spent in this place.
 D = Time resting spent in this place.
 E = Time spent auto-exploring this place.
 F = Levels seen in this place.
 G = Mean time per level.
                   A        B        C        D        E       F      G
               +--------+--------+--------+--------+--------+-----+--------+
         Total |   1634 |   1576 |     58 |      0 |   1192 |   3 |  544.7 |
       Dungeon |   1554 |   1496 |     58 |      0 |   1114 |   2 |  777.0 |
         Abyss |     80 |     80 |      0 |      0 |     78 |   1 |   80.0 |
               +--------+--------+--------+--------+--------+-----+--------+

Top non-repeatable levels by time:
     D:1: 1170 daAuts
     D:2: 384 daAuts
 Abyss:1: 80 daAuts
